 Dungeon Crawl Stone Soup version 0.14-a0-1844-g8283a67 (webtiles) character file.

228 M4edhros the Ducker (level 5, 0/36 HPs)
             Began as an Octopode Chaos Knight on Jan 12, 2014.
             Was a Plaything of Xom.
             Succumbed to poison (a potion of poison)
             ... on Level 4 of the Dungeon.
             The game lasted 00:03:12 (1172 turns).

M4edhros the Ducker (Octopode Chaos Knight)         Turns: 1172, Time: 00:03:12

HP   0/36        AC  3     Str 17      XL: 5   Next: 46%
MP   5/5         EV 14     Int 13 (15) God: Xom
Gold 63          SH  0     Dex 11      Spells:  0 memorised,  4 levels left

rFire  + . .     SeeInvis .     f - +6,+3 broad axe "Liex" {chaos, rF+}
rCold  . . .     Clarity  .     (no shield)
rNeg   . . .     Conserve .     (helmet restricted)
rPois  .         rCorr    .     (no amulet)
rElec  .         rRot     .     (no ring)
SustAb . .       Spirit   .     (no ring)
rMut   .         Warding  .     (no ring)
Saprov . . .     Stasis   .     (no ring)
                                (no ring)
                                (no ring)
                                (no ring)
                                (no ring)

@: mighty, quite poisoned, slightly resistant to hostile enchantments, fairly
stealthy
A: almost no armour, amphibious, 8 rings, constrict 8, yellow scales 1,
camouflage 1, spit poison 1, gelatinous body 1
a: Spit Poison, Renounce Religion


You were on level 4 of the Dungeon.
You worshipped Xom.
You were Xom's teddy bear.
You were not hungry.

You visited 1 branch of the dungeon, and saw 4 of its levels.

You collected 63 gold pieces.

Inventory:

Hand weapons
 a - a +0,+0 spear of chaos
 f - the +6,+3 broad axe "Liex" (weapon) {chaos, rF+}
   (Xom gifted it to you on level 4 of the Dungeon)

   Each time it hits an enemy it has a different, random effect.
   It protects you from fire.
 j - a +1,+0 spear of dragon slaying
 l - the +6,-1 scythe of Light {drain, +Rage rF+ Str+4 SInv}
   (You found it on level 4 of the Dungeon)

   A truly terrible weapon, it drains the life of those it strikes.
   It affects your strength (+4).
   It protects you from fire.
   It enhances your eyesight.
   It lets you go berserk.
Missiles
 o - 6 poisoned tomahawks (quivered)
Comestibles
 b - 2 meat rations
 c - a bread ration
 d - an apple
Scrolls
 h - 2 scrolls of remove curse
Jewellery
 m - a +5,+5 ring of slaying {unknown}
Books
 e - a book of Annihilations {highlevel}

   This book is beyond your current level of understanding.

   Spells                             Type                      Level
   Poison Arrow                       Conjuration/Poison           6
   Chain Lightning                    Conjuration/Air              8
   Lehudib's Crystal Spear            Conjuration/Earth            8
   Ice Storm                          Conjuration/Ice              9
   Fire Storm                         Conjuration/Fire             9


   Skills:
 - Level 3.0 Fighting
 + Level 2.6 Axes
 - Level 3.0 Polearms
 + Level 5.2 Dodging


You had 4 spell levels left.
You didn't know any spells.

Dungeon Overview and Level Annotations

Branches:
Dungeon (4/16)
 Temple: D:4-7

Altars:


Innate Abilities, Weirdness & Mutations

You cannot wear most types of armour.
You are amphibious.
You can wear up to eight rings at the same time.
You can use your tentacles to constrict many enemies at once.
Your skin changes colour to match your surroundings (Stlth).
Your rubbery body absorbs attacks (AC +1).
You are partially covered in yellow scales (AC +2).
You can spit poison.


Message History

You see here 28 sling bullets.
* * * LOW HITPOINT WARNING * * *
You feel sick.
* * * LOW HITPOINT WARNING * * *
You feel sick.
* * * LOW HITPOINT WARNING * * *
You feel very sick.
* * * LOW HITPOINT WARNING * * *
You feel sick.
Found 19 gold pieces.
* * * LOW HITPOINT WARNING * * *
You feel sick.
You feel a little better.
An iguana comes into view.
You die... "Hey, things were just getting interesting!"
Xom revives you!
Found 19 darts.
You die...
Xom titters!

# #. ..# #( ####
#. # ###### #. ..
........ #.
####.# ....#####.
#l #...
.....#####.
#$##.##
.....###)#)
#..@..#
#.....###..%
####..#.#
....###.#. #....#
#.###.(.
#.########.###(##
#..(.....).((((##
#.####.###.####..
#.# ### ######..
#.# ###.. #..
##..


There were no monsters in sight!

Vanquished Creatures
  A worker ant (D:4)
  2 adders
  An orc (D:4)
  3 giant cockroaches
  2 goblins (D:4)
  2 hobgoblins
  A ball python (D:1)
  A bat (D:2)
  A giant newt (D:1)
  3 kobolds
  2 rats
19 creatures vanquished.

Vanquished Creatures (collateral kills)
  An orc priest (D:4)
  4 orc wizards (D:4)
  2 adders (D:4)
  A worm (D:4)
  A grey rat (D:4)
  3 orcs (D:4)
  A ball python (D:4)
  A bat (D:4)
  A hobgoblin (D:4)
15 creatures vanquished.

Grand Total: 34 creatures vanquished

Notes
Turn   | Place    | Note
--------------------------------------------------------------
     0 | D:1      | M4edhros, the Octopode Chaos Knight, began the quest for the Orb.
     0 | D:1      | Reached XP level 1. HP: 16/16 MP: 1/1
   176 | D:1      | Reached XP level 2. HP: 14/21 MP: 2/2
   287 | D:2      | XOM: silly message
   460 | D:3      | XOM: harmless Pois miscast
   480 | D:3      | XOM: silly message
   493 | D:4      | Reached skill level 4 in Dodging
   493 | D:4      | Reached XP level 3. HP: 17/26 MP: 3/3
   707 | D:4      | Got a warped scythe
   739 | D:4      | XOM: god gift: jewelled broad axe {god gift}
   740 | D:4      | Got a jewelled broad axe {god gift}
   741 | D:4      | Identified the +6,+3 broad axe "Liex" {chaos, rF+} (Xom gifted it to you on level 4 of the Dungeon)
   742 | D:4      | Identified the cursed +6,-1 scythe of Light {drain, +Rage rF+ Str+4 SInv} (You found it on level 4 of the Dungeon)
   751 | D:4      | Reached XP level 4. HP: 22/31 MP: 4/4
   778 | D:4      | Reached skill level 1 in Axes
   779 | D:4      | Reached skill level 5 in Dodging
   779 | D:4      | Reached XP level 5. HP: 18/36 MP: 5/5
   925 | D:4      | XOM: polymorph orc -> grey rat
  1010 | D:4      | XOM: god gift: 6 poisoned tomahawks
  1140 | D:4      | XOM: vitrification
  1158 | D:4      | Gained mutation: You are partially covered in yellow scales (AC +2). [potion of mutation]
  1158 | D:4      | Gained mutation: You can spit poison. [potion of mutation]
  1170 | D:4      | HP: 1/36 [poison (a potion of poison)]
  1171 | D:4      | Xom revived you
  1172 | D:4      | Succumbed to poison (a potion of poison)

Action                   |  1- 3 |  4- 6 || total
-------------------------+-------+-------++-------
Melee: Spear             |    33 |       ||    33
       Broad axe         |       |    12 ||    12
  Use: Potion            |     3 |     4 ||     7
       Scroll            |     5 |       ||     5
 Stab: Sleeping          |     5 |       ||     5
